 Dungeon Crawl Stone Soup version 0.29.0-4-gdea44cf6ec (webtiles) character file.

Game seed: 3602202511688067164

378 Destructed3 the Shield-Bearer (level 6, -6/53 HPs)
             Began as a Gnoll Fighter on Aug 27, 2022.
             Was a Believer of Wu Jian.
             Killed from afar by a white imp (8 damage)
             ... with a puff of frost
             ... on level 6 of the Dungeon.
             The game lasted 00:11:03 (4079 turns).

Destructed3 the Shield-Bearer (Gnoll Fighter)       Turns: 4079, Time: 00:11:03

Health: -6/53      AC: 10    Str: 17      XL:     6   Next: 74%
Magic:  9/9        EV:  9    Int:  7      God:    Wu Jian [**....]
Gold:   194        SH:  5    Dex: 11 (12) Spells: 9/9 levels left

rFire   . . .      SeeInvis .   a - +0 war axe
rCold   . . .      Faith    .   c - +0 buckler
rNeg    . . .      Spirit   .   b - +1 scale mail
rPois   .          Reflect  .   (no helmet)
rElec   .          Harm     .   (no cloak)
rCorr   .          Rampage  .   (no gloves)
Will    .....                   q - +0 pair of boots
Stlth   ..........              (no amulet)
HPRegen 0.17/turn               (no ring)
MPRegen 0.11/turn               (no ring)

@: no status effects
A: fangs 1, strong nose, distributed training
a: Renounce Religion, Wall Jump


You were on level 6 of the Dungeon.
You worshipped Wu Jian.
Wu Jian was pleased with you.
You visited 1 branch of the dungeon, and saw 6 of its levels.

You collected 233 gold pieces.
You spent 39 gold pieces at shops.

Inventory:

Hand Weapons
 a - a +0 war axe (weapon)
 k - a +3 dagger
Armour
 b - a +1 scale mail (worn)
 c - a +0 buckler (worn)
 q - a +0 pair of boots (worn)
Scrolls
 e - a scroll of amnesia
 g - a scroll of butterflies
 m - a scroll of teleportation {unknown}
 n - a scroll of fear {unknown}
 o - 2 scrolls of enchant armour
 p - a scroll of identify
 r - a scroll of poison {unknown}
Potions
 d - a potion of might
 f - 2 potions of brilliance
 h - a potion of attraction
 j - a potion of mutation {unknown}


   Skills:
 + Level 6.9 Fighting
 + Level 2.1 Short Blades
 + Level 2.1 Long Blades
 + Level 5.1 Axes
 + Level 2.1 Maces & Flails
 + Level 2.1 Polearms
 + Level 2.1 Staves
 + Level 2.1 Ranged Weapons
 + Level 2.1 Throwing
 + Level 6.9 Armour
 + Level 2.1 Dodging
 + Level 2.1 Stealth
 + Level 6.9 Shields
 + Level 2.1 Unarmed Combat
 + Level 2.1 Spellcasting
 + Level 1.7 Conjurations
 + Level 1.7 Hexes
 + Level 1.7 Summonings
 + Level 1.7 Necromancy
 + Level 1.7 Translocations
 + Level 1.7 Transmutations
 + Level 1.7 Fire Magic
 + Level 1.7 Ice Magic
 + Level 1.7 Air Magic
 + Level 1.7 Earth Magic
 + Level 1.7 Poison Magic
 + Level 2.4 Invocations
 + Level 2.1 Evocations


You had 9 spell levels left.
You didn't know any spells.
Your spell library contained the following spells:

 Spells                   Type           Power      Damage    Failure   Level
 Spider Form              Tmut/Pois      3%         N/A       91%         3
 Anguish                  Hex/Necr       1%         N/A       100%        4
 Dispel Undead            Necr           3%         3d7       100%        4
 Death's Door             Necr           1%         N/A       100%        9


Dungeon Overview and Level Annotations

Branches:
Dungeon (6/15)
 Temple: D:4-7

Altars:
Dithmenos
Elyvilon
Wu Jian

Shops:
D:2 *

Annotations:
D:4 Eustachio


Innate Abilities, Weirdness & Mutations

You have very sharp teeth.
Your uncanny sense of smell can sniff out nearby items.
Your experience applies equally to all skills.


Message History

The gnoll hits you from afar with a +0 spear.
The gnoll barely misses you.
The gnoll hits you from afar with a +0 halberd.
You block the gnoll's attack. x2
The gnoll hits you from afar with a +0 halberd.
The gnoll hits you from afar with a +0 halberd!
* * * LOW HITPOINT WARNING * * *
The gnoll barely misses you.
There is nothing to wall jump against here.
The gnoll attacks as you move away! The gnoll hits you but does no damage.
The gnoll hits you from afar with a +0 halberd!
* * * LOW HITPOINT WARNING * * *
Okay, then.
Blink to where?
Press: ? - help, Dir - move target
As you read the scroll labelled ULLUENA ITHRUAZE, it crumbles to dust.
It was a scroll of blinking.
There is a stone staircase leading down here.
You climb downwards.
The white imp shouts!
Found a plate armour.
Found a stone staircase leading up.
There is a stone staircase leading up here.
You lunge at the white imp.
You closely miss the white imp. The white imp gestures at you.
The puff of frost hits you.
* * * LOW HITPOINT WARNING * * *
You barely miss the white imp.
The white imp hits you but does no damage.
You hit the white imp.
The white imp is heavily wounded.
The white imp closely misses you.
You hit the white imp.
The white imp is almost dead.
The white imp hits you but does no damage.
You barely miss the white imp.
You bite the white imp, but do no damage.
The white imp is almost dead.
The white imp gestures at you. The puff of frost hits you!
You die...

#.... ....
#.... .....
+..[. .....
#.... .....
#...< ...#
##....##...##
#.....5.....#
#.....@.....+
#.....<.....#
#...........#
##...####+###
####


You could see a white imp.

Vanquished Creatures
  An ogre (D:4)
  An orc priest (D:4)
  2 hounds
  2 iguanas
  An orc wizard (D:4)
  An adder (D:2)
  2 gnolls (D:5)
  3 worms
  2 dart slugs
  8 orcs
  4 ball pythons
  4 endoplasms
  3 giant cockroaches
  7 goblins
  4 hobgoblins
  8 jackals
  8 kobolds
  5 quokkas
  4 bats
  9 frilled lizards
  A rat (D:2)
80 creatures vanquished.

Notes
Turn   | Place    | Note
-------+----------+-------------------------------------------
     0 | D:1      | Destructed3 the Gnoll Fighter began the quest for the Orb.
     0 | D:1      | Reached XP level 1. HP: 23/23 MP: 1/1
   198 | D:1      | Found a faded altar of an unknown god.
   209 | D:1      | Reached XP level 2. HP: 29/29 MP: 2/2
   210 | D:1      | Prayed at the altar of an unknown god.
   210 | D:1      | Became a worshipper of the Wu Jian Council
   210 | D:1      | Reached * piety under Wu Jian
   973 | D:2      | Reached XP level 3. HP: 35/35 MP: 2/4
  1113 | D:2      | Found Byegh's General Store.
  1124 | D:2      | Bought a potion of attraction for 39 gold pieces
  1203 | D:2      | Reached skill level 1 in Invocations
  1204 | D:2      | Got the Papyrus of Envenoming and the Mortuary
  1420 | D:2      | Reached ** piety under Wu Jian
  1421 | D:2      | Reached skill level 1 in Short Blades
  1421 | D:2      | Reached skill level 1 in Long Blades
  1421 | D:2      | Reached skill level 1 in Maces & Flails
  1421 | D:2      | Reached skill level 1 in Polearms
  1421 | D:2      | Reached skill level 1 in Staves
  1421 | D:2      | Reached skill level 1 in Ranged Weapons
  1421 | D:2      | Reached skill level 1 in Throwing
  1421 | D:2      | Reached skill level 1 in Dodging
  1421 | D:2      | Reached skill level 1 in Stealth
  1421 | D:2      | Reached skill level 1 in Unarmed Combat
  1421 | D:2      | Reached skill level 1 in Spellcasting
  1421 | D:2      | Reached skill level 1 in Evocations
  2065 | D:3      | Reached XP level 4. HP: 37/41 MP: 5/5
  2102 | D:3      | Found a white marble altar of Elyvilon.
  2363 | D:3      | Reached skill level 1 in Conjurations
  2363 | D:3      | Reached skill level 1 in Hexes
  2363 | D:3      | Reached skill level 1 in Summonings
  2363 | D:3      | Reached skill level 1 in Necromancy
  2363 | D:3      | Reached skill level 1 in Translocations
  2363 | D:3      | Reached skill level 1 in Transmutations
  2363 | D:3      | Reached skill level 1 in Fire Magic
  2363 | D:3      | Reached skill level 1 in Ice Magic
  2363 | D:3      | Reached skill level 1 in Air Magic
  2363 | D:3      | Reached skill level 1 in Earth Magic
  2363 | D:3      | Reached skill level 1 in Poison Magic
  3019 | D:4      | Reached XP level 5. HP: 35/47 MP: 7/7
  3174 | D:4      | Noticed an ogre
  3326 | D:4      | Found a shadowy altar of Dithmenos.
  3423 | D:4      | Killed an ogre
  3424 | D:4      | Reached skill level 5 in Axes
  3424 | D:4      | Reached XP level 6. HP: 10/53 MP: 7/9
  3662 | D:4      | Noticed Eustachio
  3698 | D:5      | Entered Level 5 of the Dungeon
  4075 | D:6      | HP: 2/53 [white imp/puff of frost (4)]
  4079 | D:6      | Killed from afar by a white imp

Illustrated notes

Levels and vault maps discovered:
D:1:      evilmike_arrival_hilbert_curve, layout_basic,
          hellmonk_ecumenical_altar_zigzags
D:2:      layout_basic, serial_shops,
          nicolae_shop_temple_entry_statues_fountains, chequers_arboretum,
          dreamdust_princess_corridor
D:3:      layout_loops_cross, mainiacjoe_overflow_surrounded_room,
          serial_co_window_serial, co_window_paths_a, co_window_corner_a,
          co_window_corner_a, co_window_of_opportunity_a,
          co_window_of_opportunity_a, co_window_paths_a, co_window_paths_b,
          co_window_of_opportunity_b, co_window_of_opportunity_b,
          co_window_corner_b, co_window_broadway_a, co_window_unsneaky_path_d,
          co_window_corner_b, glass_columns_b, glass_columns_c, glass_columns_a
D:4:      layout_rooms, nicolae_dithmenos_the_darkroom, uniq_eustachio
D:5:      layout_layer_cave, mainiacjoe_overflow_alcove_2
D:6:      layout_gridville, minmay_temple_entry_ruins

Skill      XL: |  1  2  3  4  5 |
---------------+----------------+-----
Invocations    | 1 2 |  2.4
Short Blades   | 1 2 |  2.1
Long Blades    | 1 2 |  2.1
Maces & Flails | 1 2 |  2.1
Polearms       | 1 2 |  2.1
Staves         | 1 2 |  2.1
Ranged Weapons | 1 2 |  2.1
Throwing       | 1 2 |  2.1
Dodging        | 1 2 |  2.1
Stealth        | 1 2 |  2.1
Unarmed Combat | 1 2 |  2.1
Spellcasting   | 1 2 |  2.1
Evocations     | 1 2 |  2.1
Conjurations   | 1 |  1.7
Hexes          | 1 |  1.7
Summonings     | 1 |  1.7
Necromancy     | 1 |  1.7
Translocations | 1 |  1.7
Transmutations | 1 |  1.7
Fire Magic     | 1 |  1.7
Ice Magic      | 1 |  1.7
Air Magic      | 1 |  1.7
Earth Magic    | 1 |  1.7
Poison Magic   | 1 |  1.7
Axes           | 5 |  5.1
Fighting       | |  6.9
Armour         | |  6.9
Shields        | |  6.9

Action                   |  1- 3 |  4- 6 || total
-------------------------+-------+-------++-------
Melee: War axe           |    75 |   150 ||   225
       Bite              |     4 |    13 ||    17
Invok: Whirlwind         |     2 |     6 ||     8
       Lunge             |     7 |     9 ||    16
 Abil: Wall Jump         |       |    10 ||    10
  Use: Scroll            |     3 |     4 ||     7
       Potion            |       |     1 ||     1
Armor: Scale mail        |    21 |    87 ||   108
Dodge: Dodged            |    27 |    73 ||   100
Block: Buckler           |    15 |    43 ||    58
